woodfighter, lawful female human Samurai ------ |..<.| |.....### a ##.....| # ------ # |....| ### |.s.`| # ------ # |Id..| O i # ##d@d..| # |Qs.s| # |.s... o # -Q---- Q o # o o u # hhhoooGoGohkk o o # ohGooCGCoGCoo +# hGCkoGoohoToh ooooooohThhho woodfighter the Joshu Experience level: 11 Strength: 14 Dexterity: 18 Constitution: 18 Intelligence: 11 Wisdom: 8 Charisma: 8 Health: 0(113) Energy: 50(50) Def: 11 Gold: 0 Moves: 11310 Dungeon seed: Yr3aQLOorCiK9S8H Game ID: woodfighter_1534919052 Your Inventory: Amulets b - an uncursed amulet of reflection (being worn) Weapons a - a +0 katana (weapon in hand) l - 15 blessed +0 shuriken (in quiver) Armor n - an uncursed rusty +1 orcish helm (being worn) N - an uncursed +0 dwarvish cloak (being worn) Y - an uncursed +0 elven mithril-coat (being worn) Comestibles o - 3 uncursed tripe rations M - 6 uncursed gunyoki Z - 2 uncursed lizard corpses Rings i - an uncursed +1 ring of increase damage (on left hand) L - a blessed +2 ring of protection (on right hand) Wands d - a wand of digging (0:5) f - a wand of sleep (0:7) Tools h - a +0 pick-axe p - a can of grease (0:6) s - an uncursed bag of holding y - an uncursed skeleton key K - an uncursed magic lamp P - an uncursed stethoscope T - an uncursed magic whistle W - an uncursed towel Gems v - an uncursed luckstone Contents of the bag of holding: an uncursed +0 mummy wrapping an uncursed lizard corpse 2 uncursed sprigs of wolfsbane a [uncursed] scroll of create monster an uncursed scroll of identify an uncursed touchstone Spells and supernatural/magical abilities: Name Level Category Fail Memory W - pray for help -- divine ? -- Your skills at the end: Miscellaneous Skills martial arts [Basic] wands [Basic] Weapon Skills short sword [Basic] long sword [Skilled] bow [Basic] shuriken [Basic] Spellcasting Skills Final Attributes: You were fervently aligned. You were cold resistant. You were sleep resistant. You were shock resistant. You were blinded. Your writing hand was a little cramped from use. You were telepathic. You were invisible. You were somewhat stealthy. You had a +1 damage bonus. You were protected. You were fast. You had reflection. You were lucky. You had extra luck. Bad luck did not time out for you. Good luck did not time out for you. You are dead. Vanquished creatures: a disenchanter 2 giant mimics a large mimic an elf-lord 2 wargs a small mimic a xan a freezing sphere 3 gelatinous cubes a crocodile 2 wraiths an incubus a cockatrice a winter wolf cub a lynx a leprechaun a quivering blob 3 lizards a mumak a giant spider an ice vortex a gnome king an orc mummy a dwarf mummy 3 ogres 2 brown puddings 3 Green-elves 2 owlbears 2 yetis 2 gold golems 6 piranhas 2 dogs a housecat a blue jelly a water nymph 2 dust vortices a gnome mummy 2 apes 2 soldier ants 4 yellow lights a bugbear an imp 3 wood nymphs 3 orc shamans 3 rock moles 3 rock piercers 2 ponies 2 fog clouds 3 shriekers 13 gnome lords 3 gnomish wizards 2 red naga hatchlings 2 ghouls a straw golem 10 giant ants 3 puppies 9 floating eyes a kitten 3 dwarves a homunculus a quasit 3 kobold lords 5 iguanas 5 hill orcs 10 rothes 2 rabid rats 2 centipedes 8 jitterbugs 5 giant bats 2 monkeys an orc zombie a dwarf zombie 2 werejackals a coyote 7 gas spores 3 hobbits 3 acid blobs 3 large kobolds 8 geckos 2 hobgoblins 12 giant rats 8 cave spiders a brown mold 5 yellow molds 3 red molds 72 gnomes 10 garter snakes 2 manes 2 gnome zombies 21 jackals 2 foxes 11 newts 3 goblins 3 sewer rats 8 grid bugs 6 bats 5 lichens 2 kobold zombies 386 creatures vanquished. Voluntary challenges: You did not cause conflict. You were not displaced. You had been an atheist until turn 2257. You used a wielded weapon 621 times, starting on turn 63. You did not apply a unicorn horn. You did not use plumbed fixtures. You did not drink any magical draughts. You read items or engraved 7 times, starting on turn 1705. You never genocided any monsters. You never polymorphed an object. You changed form 1 time, starting on turn 7959. You completed Sokoban on turn 4511, according to the rules. You used no wishes. You never split a pudding. You never wrote Elbereth's name. You violated bushido, losing 3 points of alignment, starting on turn 7126. Dungeon overview: The Dungeons of Doom: levels 1 to 13 Level 1 a fountain a long staircase Level 2 a hardware shop, some fountains, a sink stairs to The Gnomish Mines Level 3 a fountain Level 4 Level 5 (water) some fountains Level 6 (vault + water) Level 7 (water) a fountain Level 8 many fountains Level 9 (white unicorn) a sink stairs to Sokoban Level 10 (water) a general store, a fountain Level 11 Level 12 Level 13 <- You were here The Gnomish Mines: levels 3 to 11 Level 3 stairs to The Dungeons of Doom Level 4 Level 5 (frost brand in shop) some shops, a temple to Raijin, a magic chest, some fountains Level 6 Level 7 Level 8 Level 9 Level 10 Level 11 a magic chest, a fountain Sokoban: levels 5 to 8 Level 5 a magic chest Level 6 Level 7 Level 8 an altar to Moloch, a magic chest stairs to The Dungeons of Doom History has recorded: On T:1 you entered the Dungeons of Doom to retrieve the Amulet of Yendor! On T:141 you reached level 2 of The Dungeons of Doom. On T:288 you reached level 1 of The Gnomish Mines. On T:337 you advanced to experience level 2. On T:399 you reached level 3 of The Dungeons of Doom. On T:528 you reached level 4 of The Dungeons of Doom. On T:529 you advanced to experience level 3. On T:849 you reached level 5 of The Dungeons of Doom. On T:978 you advanced to experience level 4. On T:1075 you reached level 6 of The Dungeons of Doom. On T:1259 you reached level 7 of The Dungeons of Doom. On T:1322 you advanced to experience level 5. On T:1778 you reached level 8 of The Dungeons of Doom. On T:1826 you advanced to experience level 6. On T:2215 you reached level 9 of The Dungeons of Doom. On T:2257 you prayed to Amaterasu Omikami. On T:2269 you advanced to experience level 7. On T:2712 you reached level 4 of Sokoban. On T:2848 you opened a magic chest. On T:2955 you reached level 3 of Sokoban. On T:3011 you prayed to Amaterasu Omikami. On T:3601 you reached level 2 of Sokoban. On T:3919 you reached level 1 of Sokoban. On T:3928 you advanced to experience level 8. On T:4511 you advanced to experience level 9. On T:4511 you entered the Sokoban zoo. On T:5248 you reached level 2 of The Gnomish Mines. On T:5415 you reached level 3 of The Gnomish Mines. On T:5673 you reached level 4 of The Gnomish Mines. On T:5847 you entered the Minetown temple On T:6158 you reached level 5 of The Gnomish Mines. On T:6361 you reached level 6 of The Gnomish Mines. On T:6777 you reached level 7 of The Gnomish Mines. On T:7017 you reached level 8 of The Gnomish Mines. On T:7369 you reached level 9 of The Gnomish Mines. On T:7369 you reached the bottom of the Mines. On T:9173 you reached level 10 of The Dungeons of Doom. On T:9311 you reached level 11 of The Dungeons of Doom. On T:9373 you advanced to experience level 10. On T:9653 you reached level 12 of The Dungeons of Doom. On T:9743 you reached level 13 of The Dungeons of Doom. On T:9982 you advanced to experience level 11. Score breakdown: Gold: 0 ( 0 points) Experience: 11 levels ( 1000 points) Exploration: 13 levels ( 360 points) Discoveries: 25 items ( 1250 points) Variety of kills: 98 monsters ( 2000 points) Major goal: Sokoban/Mines ( 1500 points) Survival: died (score multiplied by 3) Total score: 18330 Latest messages: You slash the elf-lord. The cave spider bites! You hear a nearby zap. The wand hits you! You hear a chugging sound. Something misses. Something claws you! The wolf bites! (2x) You hack the elf-lord. The cave spider misses. You hear a nearby zap. The wand hits you! Something misses. (2x) The wolf bites! (2x) You hack the wolf. (2x) The cave spider misses. You hear a nearby zap. The wand hits you! The wolf misses. The wolf bites! You stop. Your large dog is in the way! You slash the wolf. The cave spider bites! You hear a nearby zap. The wand hits you! The elf-lord slashes you! You die... Final status: Sayonara woodfighter the Samurai, killed by an elf-lord... You died in The Dungeons of Doom on dungeon level 13 with 18330 points, and 0 pieces of gold, after 11310 moves. You were level 11 with a maximum of 113 hit points when you died.